 Dungeon Crawl Stone Soup version 0.31-a0-267-g3fc6992b3b (webtiles) character file.

Game seed: 4920878541235313345

342 qw the Shooter (level 6, -4/52 HPs)
             Began as a Minotaur Hexslinger on July 13, 2023.
             Slain by Sigmund
             ... wielding a +2 scythe of freezing
              (5 damage)
             ... on level 5 of the Dungeon.
             The game lasted 00:01:21 (4313 turns).

qw the Shooter (Minotaur Hexslinger)                Turns: 4313, Time: 00:01:21

Health: -4/52      AC:  4    Str: 12    XL:     6   Next: 30%
Magic:  6/6        EV: 12    Int: 10    God:
Gold:   319        SH:  0    Dex: 15    Spells: 6/7 levels left

rFire   . . .        Y - +4 sling
rCold   . . .        (no shield)
rNeg    . . .        a - +0 leather armour
rPois   .            (helmet restricted)
rElec   .            b - +0 cloak
rCorr   .            (no gloves)
SInv    .            (no boots)
Will    .....        c - amulet of the acrobat
Stlth   +            (no ring)
HPRegen 0.28/turn    (no ring)
MPRegen 0.10/turn

%: acrobat
@: confused
A: horns 2, retaliatory headbutt
a: no special abilities


You were on level 5 of the Dungeon.
You visited 1 branch of the dungeon, and saw 5 of its levels.

You collected 319 gold pieces.


Innate Abilities, Weirdness & Mutations

You have a pair of horns on your head.
You reflexively headbutt those who attack you in melee.


   Skills:
 - Level 4.0 Fighting
 + Level 6.3 Ranged Weapons
 - Level 1.1 Armour
 - Level 2.1 Dodging
 - Level 1.0 Spellcasting
 - Level 2.0 Hexes


You had 6 spell levels left.
You knew the following spells:

 Your Spells              Type           Power      Damage    Failure   Level
a - Slow                  Hex            16%        N/A       19%         1

Your spell library contained the following spells:

 Spells                   Type           Power      Damage    Failure   Level
 Inner Flame              Hex/Fire       2%         N/A       65%         3
 Portal Projectile        Hex/Tloc       4%         N/A       65%         3
 Cause Fear               Hex            2%         N/A       88%         4

Inventory:

Hand Weapons
 Y - a +4 sling (weapon)
Armour
 a - a +0 leather armour (worn)
 b - a +0 cloak (worn)
 e - a +0 ring mail
Jewellery
 c - an amulet of the acrobat (around neck)
Scrolls
 i - a scroll of identify
Potions
 d - a potion of resistance
 f - a potion of berserk rage {unknown}
 g - a potion of curing {unknown}
 h - 2 potions of mutation {unknown}
 j - a potion of brilliance {unknown}
 k - a potion of haste {unknown}

Dungeon Overview and Level Annotations

Branches:
Dungeon (5/15)
 Temple: D:4-7

Altars:
Qazlal
Uskayaw

Annotations:
D:2 1 runed translucent door, Crazy Yiuf
D:5 Sigmund


Message History

You shoot a sling bullet. The sling bullet hits Sigmund.
Sigmund is moderately wounded.
You shoot a sling bullet. The sling bullet barely misses Sigmund.
You shoot a sling bullet.
The sling bullet closely misses Sigmund.
Sigmund misses you.
You shoot a sling bullet.
The sling bullet closely misses Sigmund.
You shoot a sling bullet.
The sling bullet closely misses Sigmund.
Sigmund barely misses you.
You shoot a sling bullet. The sling bullet hits Sigmund.
Sigmund is heavily wounded.
Sigmund gestures wildly while chanting.
Sigmund flickers and vanishes!
Deactivating autopickup; reactivate with Ctrl-A.
You shoot a sling bullet. Something hits you! Something freezes you.
You shoot a sling bullet. Something hits you but does no damage.
You shoot a sling bullet. Something hits you. Something freezes you.
You shoot a sling bullet. You shoot a sling bullet. Something hits you!
Something freezes you.
You shoot a sling bullet. Something hits you. Something freezes you.
You shoot a sling bullet. Something hits you but does no damage.
You shoot a sling bullet. You shoot a sling bullet. Something hits you!
Something freezes you.
You shoot a sling bullet. Something hits you. Something freezes you.
You shoot a sling bullet. You shoot a sling bullet.
You hear some strange, mumbled words.
You are confused.
Something hits you.
You die...

....########## #######
.....## ......# ......##
.......# .......##
........##### .##
............#######.....
................@.{.)...
........................
..........[.............
................####....
..............### #..
.........###### .
........## .....)###
.....##


There were no monsters in sight!

Vanquished Creatures
  2 orc priests
  Ijyb (D:5)
  Jessica (D:2)
  2 iguanas
  4 gnolls (D:4)
  5 adders
  3 worms
  2 dart slugs
  5 orcs
  3 ball pythons
  7 endoplasms
  5 giant cockroaches
  11 goblins
  6 hobgoblins
  7 jackals
  3 kobolds
  A quokka (D:1)
  3 bats
  3 frilled lizards
  5 rats
79 creatures vanquished.

Notes
Turn   | Place    | Note
-------+----------+-------------------------------------------
     0 | D:1      | qw the Minotaur Hexslinger began the quest for the Orb.
     0 | D:1      | Reached XP level 1. HP: 16/16 MP: 1/1
     0 | D:1      | 0 ||| qw: Version: 0.3-a-52-g30416fa
     0 | D:1      | 0 ||| qw: Game counter: 7723
     0 | D:1      | 0 ||| qw: Melee chars always use a shield: true
     0 | D:1      | 0 ||| qw: God list: Okawaru
     0 | D:1      | 0 ||| qw: Allow faded altars: false
     0 | D:1      | 0 ||| qw: Do Orc after clearing Dungeon:15 true
     0 | D:1      | 0 ||| qw: Do second Lair branch before Depths: true
     0 | D:1      | 0 ||| qw: Lair rune preference: random
     0 | D:1      | 0 ||| qw: Goals: Normal
     0 | D:1      | 0 ||| PLANNING D:1-11
   163 | D:1      | Reached skill level 3 in Ranged Weapons
   206 | D:1      | Reached XP level 2. HP: 19/23 MP: 2/2
   694 | D:1      | 694 ||| READING scroll labelled UTEVAO ITESM.
   695 | D:1      | 695 ||| DROPPING scroll of poison.
   720 | D:2      | Reached XP level 3. HP: 19/29 MP: 3/3
   870 | D:2      | Reached skill level 4 in Ranged Weapons
   956 | D:2      | Found a stormy altar of Qazlal.
  1120 | D:2      | Reached XP level 4. HP: 31/36 MP: 4/4
  1161 | D:2      | Noticed Jessica
  1170 | D:2      | Killed Jessica
  1171 | D:2      | Reached skill level 5 in Ranged Weapons
  1308 | D:2      | Found a runed translucent door.
  1309 | D:2      | Noticed Crazy Yiuf
  1367 | D:2      | Found a faded altar of an unknown god.
  1723 | D:2      | 1723 ||| UPGRADING to +0 leather armour.
  1733 | D:2      | 1733 ||| UPGRADING to +0 cloak.
  1738 | D:2      | 1738 ||| DROPPING +0 robe.
  1739 | D:2      | 1739 ||| READING scroll labelled USICOL CEYDDI.
  1740 | D:2      | 1740 ||| READING scroll labelled PIOMIZ ZICAQU.
  1786 | D:2      | 1786 ||| READING 2 scrolls labelled HILE ESSIOFRUERGH.
  1787 | D:2      | 1787 ||| READING scroll labelled TALEDW PODE.
  2020 | D:3      | Reached skill level 3 in Fighting
  2036 | D:3      | 2036 ||| READING scroll of enchant weapon.
  2036 | D:3      | 2036 ||| ENCHANTING +2 sling.
  2327 | D:3      | Reached XP level 5. HP: 39/45 MP: 5/5
  2421 | D:3      | 2421 ||| FLEEEEING.
  2588 | D:3      | 2588 ||| UPGRADING to amulet of the acrobat.
  2593 | D:3      | 2593 ||| READING 2 scrolls of identify.
  2593 | D:3      | 2593 ||| IDENTIFYING sapphire potion
  2662 | D:4      | 2662 ||| STAIRDANCE
  2746 | D:4      | 2746 ||| READING scroll of enchant weapon.
  2746 | D:4      | 2746 ||| ENCHANTING +3 sling.
  2791 | D:4      | HP: 10/45 [orc priest/divine providence (16)]
  2795 | D:4      | HP: 4/45 [orc priest/+0 dagger (1)]
  2797 | D:4      | Reached skill level 6 in Ranged Weapons
  2808 | D:4      | 2808 ||| FLEEEEING.
  2971 | D:4      | Reached skill level 1 in Armour
  2984 | D:4      | HP: 10/45 [gnoll/+0 spear (6)]
  2987 | D:4      | Reached XP level 6. HP: 7/51 MP: 6/6
  3142 | D:4      | Identified the +3 spear of a sewer {flame, *Rage Fly
                  | Stlth+}
  3267 | D:4      | Found a hide-covered altar of Uskayaw.
  3651 | D:4      | 3651 ||| READING scroll labelled ASULIT TEANOYDADA.
  3652 | D:4      | 3652 ||| READING 2 scrolls of identify.
  3652 | D:4      | 3652 ||| IDENTIFYING murky black potion
  3653 | D:4      | 3653 ||| DROPPING potion of attraction.
  3679 | D:5      | Entered Level 5 of the Dungeon
  3699 | D:5      | Noticed Ijyb
  3710 | D:5      | 3710 ||| FLEEEEING.
  3711 | D:5      | 3711 ||| FLEEEEING.
  3712 | D:5      | 3712 ||| FLEEEEING.
  3713 | D:5      | 3713 ||| FLEEEEING.
  3714 | D:5      | 3714 ||| FLEEEEING.
  3715 | D:5      | 3715 ||| STAIRDANCE
  3829 | D:5      | Killed Ijyb
  4075 | D:5      | 4075 ||| Stepping ~*~*~tactically~*~*~ (outnumbered).
  4077 | D:5      | 4077 ||| Stepping ~*~*~tactically~*~*~ (outnumbered).
  4078 | D:5      | 4078 ||| Stepping ~*~*~tactically~*~*~ (outnumbered).
  4079 | D:5      | 4079 ||| Stepping ~*~*~tactically~*~*~ (outnumbered).
  4294 | D:5      | Noticed Sigmund
  4310 | D:5      | HP: 10/52 [something (10)]
  4311 | D:5      | HP: 3/52 [something (5)]
  4311 | D:5      | HP: 1/52 [something (2)]
  4313 | D:5      | Slain by Sigmund

Levels and vault maps discovered:
D:1:      dpeg_arrival_pond, layout_loops_ring
D:2:      layout_basic, basic_altar, basic_ecumenical_altar,
          kennysheep_generic_room_14, uniq_crazy_yiuf_cottage, uniq_jessica
D:3:      layout_basic
D:4:      layout_loops_ring, lemuel_round_altar, chequers_serial_rivers_micro_e
D:5:      layout_layer_cave, minmay_temple_entry_fiery, patterned_corridor,
          uniq_ijyb, uniq_sigmund

Skill      XL: |  1  2  3  4  5  6 |
---------------+-------------------+-----
Ranged Weapons | 3 4 5 6 |  6.3
Fighting       | 2 3 4 |  4.0
Armour         | 1 |  1.1
Dodging        | |  2.1
Spellcasting   | |  1.0
Hexes          | |  2.0

Action                     |  1- 3 |  4- 6 || total
---------------------------+-------+-------++-------
   Fire: Sling             |   127 |   191 ||   318
    Use: Scroll            |     1 |     9 ||    10
 Armour: Robe              |    16 |     2 ||    18
         Leather armour    |       |    26 ||    26
  Dodge: Dodged            |    46 |    51 ||    97

Table legend:
 A = Non-vault XP
 B = Vault XP
 C = Vault XP percentage of total XP
 D = Non-vault monster count
 E = Vault monster count
 F = Vault count percentage of total count
                 A         B        C        D         E       F
            +---------+---------+-------+---------+---------+-------
      Total |     411 |      78 |  16.0 |      76 |       3 |   3.8
            +---------+---------+-------+---------+---------+-------
        D:1 |      33 |       0 |   0.0 |      17 |       0 |   0.0
        D:2 |      78 |      39 |  33.3 |      22 |       2 |   8.3
        D:3 |      96 |       0 |   0.0 |      18 |       0 |   0.0
        D:4 |     155 |       0 |   0.0 |      16 |       0 |   0.0
        D:5 |      49 |      39 |  44.3 |       3 |       1 |  25.0
            +---------+---------+-------+---------+---------+-------
